 Dungeon Crawl Stone Soup version 0.28.0-45-g0d030f2227 (webtiles) character file.

Game seed: 7852781727120973937

894 pkoi the Conjurer (level 7, -8/50 HPs)
             Began as a Demigod Conjurer on Apr 19, 2022.
             Killed from afar by Pikel (19 damage)
             ... with a bolt of acid
             ... on level 5 of the Dungeon.
             The game lasted 00:08:37 (7307 turns).

pkoi the Conjurer (Demigod Conjurer)                Turns: 7307, Time: 00:08:37

Health: -8/50      AC:  2    Str:  8    XL:     7   Next: 49%
Magic:  14/14      EV: 12    Int: 28    God:
Gold:   188        SH:  0    Dex: 12    Spells: 5/12 levels left

rFire   . . .      SeeInvis .   p - +2 mace (protect)
rCold   . . .      Faith    .   (no shield)
rNeg    . . .      Spirit   .   a - +0 robe
rPois   .          Reflect  .   (no helmet)
rElec   .          Harm     .   (no cloak)
rCorr   .          Rampage  .   (no gloves)
Will    .....                   (no boots)
Stlth   ++........              (no amulet)
HPRegen 0.16/turn               (no ring)
MPRegen 0.14/turn               (no ring)

@: mighty, attractive
A: high MP 1, forlorn, divine attributes
a: no special abilities


You were on level 5 of the Dungeon.
You visited 1 branch of the dungeon, and saw 5 of its levels.
You also visited: Sewer.

You collected 188 gold pieces.

Inventory:

Hand Weapons
 c - a +0 dagger
 p - a +2 mace of protection (weapon)
Armour
 a - a +0 robe (worn)
Jewellery
 b - a ring of fire
Wands
 m - a wand of digging (4)
Scrolls
 e - 3 scrolls of teleportation
 f - 2 scrolls of fog
 i - 6 scrolls of identify
 j - a scroll of enchant armour {unknown}
 k - 4 scrolls of fear {unknown}
 n - a scroll of summoning {unknown}
 o - a scroll of magic mapping
 q - a scroll of enchant weapon {unknown}
Potions
 d - a potion of ambrosia
 h - a potion of might
 l - a potion of heal wounds {unknown}


   Skills:
 - Level 1.7 Dodging
 - Level 1.7 Stealth
 + Level 3.1 Spellcasting
 * Level 7.4 Conjurations
 * Level 3.8 Translocations


You had 5 spell levels left.
You knew the following spells:

 Your Spells              Type           Power      Damage    Failure   Level
a - Magic Dart            Conj           100%       1d8       1%          1
b - Searing Ray           Conj           90%        2d7       1%          2
c - Iskenderun's Mystic   Conj/Tloc      35%        2d8       8%          4

Your spell library contained the following spells:

 Spells                   Type           Power      Damage    Failure   Level
 Shock                    Conj/Air       100%       1d9       1%          1
 Dazzling Flash           Conj/Hex       50%        N/A       5%          3
 Portal Projectile        Hex/Tloc       30%        N/A       11%         3
 Scorch                   Fire           8%         2d5       12%         2
 Flame Wave               Conj/Fire      25%        2d7       19%         4
 Fulminant Prism          Conj/Hex       12%        3d9       19%         4
 Call Canine Familiar     Summ           4%         N/A       24%         3
 Swiftness                Air            4%         N/A       24%         3
 Airstrike                Air            2%         N/A       63%         4
 Leda's Liquefaction      Hex/Erth       2%         N/A       63%         4
 Summon Cactus Giant      Summ           2%         N/A       100%        6


Dungeon Overview and Level Annotations

Branches:
Dungeon (5/15)             Temple (0/1) D:5           Sewer (visited)

Annotations:
D:4 Edmund
D:5 Pikel


Innate Abilities, Weirdness & Mutations

You have an increased reservoir of magic. (+10% MP)
You shall have no god before yourself.
Your divine heritage dramatically boosts your attributes as you level up.


Message History

The phantom barely misses you.
The searing ray hits the phantom!
You destroy the phantom!
You finish channelling your searing ray.
You start resting.
Magic restored.
You start resting.
HP restored.
You start waiting.
Done waiting.
You enter the shallow water.
Moving in this stuff is going to be slow.
e - 3 scrolls of teleportation (gained 1)
Found a staircase to the Ecumenical Temple.
Found 15 stones.
You now have 188 gold pieces (gained 9).
Pikel and 2 lemures come into view.
Pikel is wielding a +0 whip of flaming and carrying a wand of acid (3).
The lemure shouts!
The lemure moves out of view. 2 lemures come into view.
A centaur comes into view.
The centaur wields a +0 shortbow.
The centaur shoots an arrow.
The arrow barely misses you.
Pikel shouts!
Casting: Searing Ray (safe; 1% risk of failure)
Confirm with . or Enter, or press ? or * to list all spells.
Okay, then.
A hound skeleton comes into view.
Pikel zaps a wand.
The bolt of acid hits you!!
Ouch! That really hurt!
* * * LOW HITPOINT WARNING * * *
Pikel zaps a wand.
The bolt of acid hits you!
* * * LOW HITPOINT WARNING * * *
Okay, then.
It was a potion of might.
You feel very mighty all of a sudden.
It was a potion of attraction.
You feel attractive to monsters.
Pikel zaps a wand.
The bolt of acid hits you!!
You die...

#.# #.#.>.### #.#
#.......# #.#
#.⌠.⌠.⌠.# #.#
#.8.8.8.# #.#
##.......# #.#
#..#######
#.#######.#####
#.............#
#############@# #K#
#######c### ####
.......5..# ...
.###(###.###.##
........5....#5..
##.###.###.##.Kc5..
#.......$...#.#5...
..##.###.##...# ...


You could see Pikel, 2 lemures and a centaur.

Vanquished Creatures
  Eustachio (D:4)
  Pargi (Sewer)
  A necrophage (D:5)
  2 phantoms (D:5)
  2 orc priests
  A hound (D:4)
  A jelly (D:4)
  An iguana (D:4)
  A hound skeleton (D:4)
  8 gnolls
  8 adders
  2 river rats (D:4)
  An adder skeleton (D:4)
  3 worms
  3 dart slugs
  5 orcs
  12 ball pythons
  6 endoplasms
  2 giant cockroaches
  9 goblins
  7 hobgoblins
  8 bats
  11 frilled lizards
  13 kobolds
  8 rats
117 creatures vanquished.

Notes
Turn   | Place    | Note
-------+----------+-------------------------------------------
     0 | D:1      | pkoi the Demigod Conjurer began the quest for the Orb.
     0 | D:1      | Reached XP level 1. HP: 14/14 MP: 5/5
   182 | D:1      | Reached skill level 4 in Conjurations
   247 | D:1      | Reached XP level 2. HP: 20/20 MP: 2/7
   257 | D:1      | Learned a level 2 spell: Searing Ray
  1211 | D:2      | Reached XP level 3. HP: 26/26 MP: 6/8
  1670 | D:2      | Reached skill level 5 in Conjurations
  1670 | D:2      | Reached XP level 4. HP: 33/33 MP: 0/9
  3976 | D:4      | Reached skill level 6 in Conjurations
  4087 | D:4      | Reached XP level 5. HP: 38/38 MP: 3/10
  4139 | D:4      | Found a glowing drain.
  4157 | Sewer    | Entered a sewer
  4232 | Sewer    | Learned a level 4 spell: Iskenderun's Mystic Blast
  4332 | Sewer    | Noticed Pargi
  4352 | Sewer    | Killed Pargi
  4353 | Sewer    | Reached skill level 1 in Translocations
  5107 | D:4      | Reached XP level 6. HP: 45/45 MP: 6/12
  5547 | D:4      | Noticed Edmund
  5998 | D:4      | Noticed Eustachio
  6008 | D:4      | Killed Eustachio
  6190 | D:4      | Reached skill level 7 in Conjurations
  6190 | D:4      | Reached XP level 7. HP: 50/50 MP: 7/14
  6323 | D:5      | Entered Level 5 of the Dungeon
  7272 | D:5      | Found a staircase to the Ecumenical Temple.
  7291 | D:5      | Noticed Pikel
  7307 | D:5      | Killed from afar by Pikel

Illustrated notes

Levels and vault maps discovered:
D:1:      dpeg_arrival_subterranean_lakeside_camping, layout_basic,
          ebering_ecumenical_altar_sacrificial, minmay_misc_feat_hallway
D:2:      layout_basic
D:3:      layout_basic
D:4:      minmay_evil_eye, layout_loops_ring, cheibrodos_sewer_entry_sluice,
          eino_tiny_chamber, eino_tiny_chamber, uniq_eustachio, uniq_edmund
D:5:      nicolae_BIG_FREAKIN_CUBE, layout_basic,
          minmay_temple_entry_drinking_statues,
          nicolae_concentric_dashed_squares_mild, minivault_4,
          chequers_serial_rivers_marsh, uniq_pikel, uniq_grinder

Skill      XL: |  1  2  3  4  5  6  7 |
---------------+----------------------+-----
Conjurations   | 4 5 6 7 |  7.4
Spellcasting   | 2 3 |  3.1
Translocations | 1 3 |  3.8
Dodging        | |  1.7
Stealth        | |  1.7

Action                   |  1- 3 |  4- 6 |  7- 9 || total
-------------------------+-------+-------+-------++-------
Melee: Dagger            |     4 |       |       ||     4
 Cast: Magic Dart        |    76 |   134 |     5 ||   215
       Searing Ray       |     2 |    12 |     7 ||    21
  Use: Scroll            |     2 |     3 |       ||     5
       Potion            |       |     1 |     2 ||     3
Armor: Robe              |     2 |     4 |     1 ||     7
Dodge: Dodged            |     8 |    39 |    10 ||    57
